 Dungeon Crawl Stone Soup version 0.27-a0-1071-ga85bd9520d (webtiles) character file.

Game seed: 10628784038742017303

107 Anon1729 the Skirmisher (level 4, -2/55 HPs)
             Began as a Demonspawn Berserker on Apr 24, 2021.
             Was a Believer of Trog.
             Killed from afar by an orc wizard (6 damage)
             ... with a magic dart
             ... on level 3 of the Dungeon.
             The game lasted 00:01:49 (3050 turns).

Anon1729 the Skirmisher (Demonspawn Berserker)      Turns: 3050, Time: 00:01:50

Health: -2/55      AC: 22    Str: 18    XL:     4   Next: 57%
Magic:  4/4        EV:  2    Int: 11    God:    Trog [**....]
Gold:   62         SH:  4    Dex: 12    Spells: 3/3 levels left

rFire    . . .     SeeInvis .   a - +0 hand axe
rCold    . . .     Faith    .   (no shield)
rNeg     + + +     Spirit   .   (armour currently unavailable)
rPois    +         Reflect  .   (helmet currently unavailable)
rElec    .         Harm     .   (cloak currently unavailable)
rCorr    .         Rampage  .   (gloves currently unavailable)
Will     .....     NoTele   +   (boots currently unavailable)
Stlth    +.........             (no amulet)
HPRegen  0.18/turn              (no ring)
MPRegen  0.09/turn              (no ring)

@: tree-form
A: stationary, stasis, torment immunity, boosted hp, big brain 1, condensation
shield, (talons 2), (cold resistance 1), evolution 1
a: Renounce Religion, Berserk, Trog's Hand


You were on level 3 of the Dungeon.
You worshipped Trog.
Trog was pleased with you.
You were a tree.
You visited 1 branch of the dungeon, and saw 3 of its levels.

You collected 62 gold pieces.

Inventory:

Hand Weapons
 a - a +0 hand axe (weapon)
Armour
 b - a +0 animal skin (melded)
Jewellery
 e - a ring of poison resistance
Scrolls
 d - 3 scrolls of enchant armour {unknown}
 f - a scroll of noise {unknown}
Potions
 c - a potion of magic


   Skills:
 + Level 3.7 Fighting
 + Level 3.3 Axes
 + Level 2.6 Armour
 + Level 2.7 Dodging


You had 3 spell levels left.
You didn't know any spells.
Your spell library was empty.

Dungeon Overview and Level Annotations

Branches:
Dungeon (3/15)

Altars:

Annotations:
D:3 3 runed translucent doors, Sassenached's ghost, weakling DrWn


Innate Abilities, Weirdness & Mutations

You are a tree.
Your roots penetrate the ground, keeping you stationary.
You cannot be teleported.
You are immune to unholy pain and torment.
Your maximum health is greatly increased.
Your equipment is partially melded.
You have an unusually large brain. (Int +2)
A meltable shield of frost defends you. (SH +4)
((You have razor-sharp toenails.))
((Your flesh is cold resistant. (rC+)))
You evolve.


Message History

You are confused.
Something hits you.
* * * LOW HITPOINT WARNING * * *
Okay, then.
It was a potion of magic.
Magic courses through your body.
You hear some strange, mumbled words.
You are more confused.
It was a potion of mutation.
You feel extremely strange.
Your toenails lengthen and sharpen.
You feel resistant to cold.
You feel nature experimenting on you.
Don't worry, failures die fast.
Your toenails lengthen and sharpen.
Something hits you.
* * * LOW HITPOINT WARNING * * *
It was a potion of lignification.
You turn into a tree.
Your +0 animal skin melds into your body.
Your roots penetrate the ground.
Something hits you but does no damage.
You cannot move. (Use ctrl+direction or * direction to attack without moving.)
You cannot move. (Use ctrl+direction or * direction to attack without moving.)
You cannot move. (Use ctrl+direction or * direction to attack without moving.)
You hit something. Something hits you but does no damage.
You nearly hit yourself!
Something hits you.
* * * LOW HITPOINT WARNING * * *
You completely miss something. Something hits you but does no damage.
You nearly hit yourself!
Something hits you but does no damage.
You nearly hit yourself!
You hear some strange, mumbled words.
A magic dart appears from out of thin air!
The magic dart hits you but does no damage.
You miss something. Something hits you but does no damage.
You miss something. Something hits you but does no damage.
You miss something. Something hits you but does no damage.
You hit something.
You feel less confused. Something hits you but does no damage.
Something hits you.
* * * LOW HITPOINT WARNING * * *
You miss something.
You hear some strange, mumbled words.
A magic dart appears from out of thin air!
The magic dart hits you.
You die...

.# .# '## ..# ########
..#############......#######
.....................'.....>
#.####### #..........#.....
###########.....){...# ...
#...............♣....# .
#.........).....†....#
#..........†.)..######
#...............#
#...........#####
#...........# #...........#
#...........# #.###########


There were no monsters in sight!

Vanquished Creatures
  4 adders
  A worm (D:2)
  3 dart slugs
  2 orcs (D:3)
  A bat (D:1)
  3 endoplasms
  2 giant cockroaches (D:1)
  6 goblins
  5 hobgoblins
  13 jackals
  2 quokkas
  2 ball pythons
  4 frilled lizards
  2 kobolds
  4 rats
54 creatures vanquished.

Notes
Turn   | Place    | Note
-------+----------+-------------------------------------------
     0 | D:1      | Anon1729 the Demonspawn Berserker began the quest for the
                  | Orb.
     0 | D:1      | Reached XP level 1. HP: 18/18 MP: 1/1
   365 | D:1      | Gained mutation: You have an unusually large brain. (Int
                  | +2) [demonic ancestry]
   365 | D:1      | Reached XP level 2. HP: 24/24 MP: 2/2
   795 | D:1      | Found a faded altar of an unknown god.
  1186 | D:1      | Gained mutation: A meltable shield of frost defends you.
                  | (SH +4) [demonic ancestry]
  1186 | D:1      | Reached XP level 3. HP: 25/29 MP: 3/3
  1645 | D:2      | Reached ** piety under Trog
  2150 | D:2      | Reached XP level 4. HP: 32/35 MP: 4/4
  2631 | D:3      | Found a runed translucent gate.
  2631 | D:3      | Noticed Sassenached's ghost (weakling DrWn)
  2715 | D:3      | Found a runed translucent gate.
  2715 | D:3      | Found a runed translucent gate.
  2741 | D:3      | Identified the +7 mace "Hugued" {flame, rElec rCorr Str+5
                  | Dex-4}
  2741 | D:3      | Identified the +1 leather armour of Dynogaf {rN+ Will+
                  | Str-3 Dex+3}
  3039 | D:3      | Gained mutation: You have sharp toenails. [potion of
                  | mutation]
  3039 | D:3      | Gained mutation: Your flesh is cold resistant. (rC+)
                  | [potion of mutation]
  3039 | D:3      | Gained mutation: You evolve. [potion of mutation]
  3039 | D:3      | Gained mutation: You have razor-sharp toenails. [potion of
                  | mutation]
  3050 | D:3      | Killed from afar by an orc wizard

Illustrated notes

Levels and vault maps discovered:
D:1:      dpeg_arrival_simpleton_a, layout_loops_ring,
          shapermc_ecumenical_altar_notcrosses, fountainhead
D:2:      layout_basic
D:3:      minmay_inner_zag, layout_basic, biasface_ghost_orc_armoury,
          uniq_jessica

Skill      XL: |  1  2 |
---------------+-------+-----
Dodging        | 2 |  2.7
Armour         | 2 |  2.6
Axes           | 3 |  3.3
Fighting       | |  3.7

Action                   |  1- 3 |  4- 6 || total
-------------------------+-------+-------++-------
Melee: Hand axe          |   127 |    56 ||   183
Invok: Berserk           |       |     1 ||     1
  Use: Potion            |       |     3 ||     3
Armor: Animal skin       |    27 |     9 ||    36
       Skin              |       |     9 ||     9
Dodge: Dodged            |    91 |    39 ||   130
Block: Other             |    17 |     7 ||    24

Table legend: (Time is in decaauts)
 A = Elapsed time spent in this place.
 B = Non-inter-level travel time spent in this place.
 C = Inter-level travel time spent in this place.
 D = Time resting spent in this place.
 E = Time spent auto-exploring this place.
 F = Levels seen in this place.
 G = Mean time per level.
                   A        B        C        D        E       F      G
               +--------+--------+--------+--------+--------+-----+--------+
         Total |   3091 |   3029 |     62 |    265 |   2368 |   3 | 1030.3 |
       Dungeon |   3091 |   3029 |     62 |    265 |   2368 |   3 | 1030.3 |
               +--------+--------+--------+--------+--------+-----+--------+

Top non-repeatable levels by time:
     D:1: 1538 daAuts
     D:2: 1038 daAuts
     D:3: 514 daAuts
